AoeStats
← Bogdan Dracu´

Enclosed

506397653Analyzed
1v1 RM · 20d ago on Sep 13, 2026· 31m 15s· 2 players
Game mode
Random Map
Map size
Tiny (2 player)
Population
200
Speed
Normal
Resources
Standard
Victory
Conquest
Starting age
Dark Age
Ending age
Imperial Age
RankedLock teamsTeams togetherTeam positionsShared explorationLock speedFull tech treeHidden civsTurbo modeCheats
Victory
Defeat
🇬🇧 Slavs · United Kingdom
683
+16
🇭🇰 Wei · Hong Kong SAR China
693
-24
Bogdan Dracu´
7:15 Loom
10:59 Feudal Age
13:03 Man-at-Arms
24:57 Castle Age
23:56 Forging
24:10 Scale Barding Armor
25:52 Pikeman
27:29 Squires
cst9855
1:11 Loom
11:52 Feudal Age
14:38 Wheelbarrow
15:05 Double-Bit Axe
21:30 Scale Barding Armor
21:35 Forging
21:28 Scale Mail Armor
21:51 Bloodlines
22:55 Gold Mining
28:17 Castle Age
28:18 Horse Collar
29:37 Thumb Ring
29:45 Husbandry
Connection lost

Rejoining the realm…

Still unreachable

The connection could not be restored.

Session expired

The server has moved on; the page needs a fresh start.